 Dungeon Crawl Stone Soup version 0.20.1-1-g8b1a95d (webtiles) character file.

30 Comradeskeleton the Grave Robber (level 3, -3/24 HPs)
             Began as a Demonspawn Necromancer on July 18, 2017.
             Slain by Natasha (9 damage)
             ... on level 2 of the Dungeon.
             The game lasted 00:04:09 (1616 turns).

Comradeskeleton the Grave Robber (DsNe)             Turns: 1616, Time: 00:04:12

Health: -3/24      AC:  2    Str:  8    XL:     3   Next: 5%
Magic:  0/6        EV: 12    Int: 17    God:
Gold:   74         SH:  0    Dex: 13    Spells: 1/6 levels left

rFire    . . .     SeeInvis .   h - +0 whip
rCold    . . .     Gourm    .   (no shield)
rNeg     . . .     Faith    .   a - +0 robe
rPois    .         Spirit   .   (no helmet)
rElec    .         Reflect  .   (no cloak)
rCorr    .         Harm     .   (no gloves)
MR       .....                  (no boots)
Stlth    ++........             (no amulet)
Regen    0.1/turn               (no ring)
MPRegen  0.1/turn               (no ring)

@: no status effects
A: rot immunity
a: no special abilities


You were on level 2 of the Dungeon.
You were hungry.

You visited 1 branch of the dungeon, and saw 2 of its levels.

You collected 74 gold pieces.

Inventory:

Hand Weapons
 h - a +0 whip (weapon)
Missiles
 e - 52 stones (quivered)
Armour
 a - a +0 robe (worn)
Scrolls
 g - a scroll of amnesia {unknown}
 j - a scroll of recharging {unknown}
 k - a scroll of noise {unknown}
 l - a scroll of fog {unknown}
 m - a scroll of remove curse {unknown}
 o - a scroll of identify {unknown}
Potions
 f - a potion of flight {unknown}
 i - a potion of curing
 n - a potion of haste {unknown}
 p - a potion of lignification {unknown}
Books
 b - a book of Necromancy

   Spells                             Type                      Level
   a - Pain                           Necromancy                   1
   b - Animate Skeleton               Necromancy                   1
   c - Vampiric Draining              Necromancy                   3
   d - Regeneration                   Charms/Necromancy            3
   e - Animate Dead                   Necromancy                   4
   f - Control Undead                 Necromancy                   4
Comestibles
 c - a bread ration
 d - 2 meat rations


   Skills:
 * Level 0.5 Maces & Flails
 + Level 1.8 Dodging
 + Level 1.8 Stealth
 + Level 2.2 Spellcasting
 + Level 5.1 Necromancy


You had one spell level left.
You knew the following spells:

 Your Spells              Type           Power        Failure   Level  Hunger
a - Pain                  Necr           ###.         2%          1    #......
b - Animate Skeleton      Necr           N/A          2%          1    #......
c - Vampiric Draining     Necr           ###.......   7%          3    ###....


Dungeon Overview and Level Annotations

Branches:
Dungeon (2/15)

Altars:
Cheibriados
Xom

Annotations:
D:2 Natasha


Innate Abilities, Weirdness & Mutations

You are immune to rotting.


Message History

Natasha claws you!
The crimson imp blinks!
Casting: Vampiric Draining
Confirm with . or Enter, or press ? or * to list all spells.
Aiming: Pain
Press: ? - help, Shift-Dir - straight line, f/p - Natasha
Aim: Natasha (moderately wounded, chance to defeat MR: 78%) Natasha writhes in agony!
Natasha claws you.
You hit Natasha but do no damage.
Natasha is severely wounded.
Natasha claws you!
* * * LOW HITPOINT WARNING * * *
It was a potion of curing.
You feel better.
Natasha casts a spell.
You hit Natasha but do no damage.
Natasha is severely wounded.
Natasha claws you.
* * * LOW HITPOINT WARNING * * *
The crimson imp shouts, "Slither away, thou tottering clapper-clawed erk!"
Natasha claws you!
You die...

_^....# #.#
^.....# #.#
......# #.#
#5#...#
##.#######
##.#...#
#.........
......#
#..#######
#5##..# #..#
#..
#h#...###..#
#.#
#@..#......#
#.#
###...######
#.# ###.# #.#
#.# #.# #.####
#.# #.##.## #Z#
#.#.#.## #.#
#######..###.##
#.# #.......##
##.####.#


You could see Natasha, a crimson imp and a white imp.

Vanquished Creatures
  A dart slug (D:2)
  5 bats
  2 goblins
  5 hobgoblins
  A ball python (D:2)
  7 kobolds (D:1)
  3 rats (D:1)
24 creatures vanquished.

Vanquished Creatures (collateral kills)
  A hobgoblin (D:1)
1 creature vanquished.

Grand Total: 25 creatures vanquished

Notes
Turn   | Place    | Note
-------+----------+-------------------------------------------
     0 | D:1      | Comradeskeleton the Demonspawn Necromancer began the quest for the Orb.
     0 | D:1      | Reached XP level 1. HP: 13/13 MP: 3/3
    11 | D:1      | Learned a level 1 spell: Animate Skeleton
   378 | D:1      | Gained mutation: You are immune to rotting. [demonic ancestry]
   378 | D:1      | Reached XP level 2. HP: 17/19 MP: 1/5
   818 | D:1      | Reached skill level 5 in Necromancy
  1364 | D:2      | Found a snail-covered altar of Cheibriados.
  1389 | D:2      | Reached XP level 3. HP: 21/24 MP: 2/6
  1394 | D:2      | Learned a level 3 spell: Vampiric Draining
  1605 | D:2      | Found a shimmering altar of Xom.
  1608 | D:2      | Noticed Natasha
  1614 | D:2      | HP: 1/24 [Natasha (8)]
  1616 | D:2      | Slain by Natasha

Skill      XL: |  1  2 |
---------------+-------+-----
Necromancy     | 5 |  5.1
Maces & Flails | |  0.5
Dodging        | |  1.8
Stealth        | |  1.8
Spellcasting   | |  2.2

Action                   || total
-------------------------++-------
Melee: Whip              ||     6
Throw: Stone             ||     6
 Cast: Pain              ||    40
       Animate Skeleton  ||     9
       Vampiric Draining ||     2
  Use: Potion            ||     1
  Eat: Chunk             ||     2
Armor: Robe              ||     2
Dodge: Dodged            ||    14
